 Dungeon Crawl Stone Soup version 0.24-a0-194-g9bee6eb (console) character file.

Game seed: 17482757198356380962

259 Voker57 the Slasher (level 5, -15/42 HPs)
             Began as a Demonspawn Gladiator on Mar 18, 2019.
             Was a Priest of Ru.
             Demolished by an ogre
             ... wielding a +0 giant club
              (28 damage)
             ... on level 4 of the Dungeon.
             The game lasted 00:06:00 (4099 turns).

Voker57 the Slasher (Demonspawn Gladiator)          Turns: 4099, Time: 00:06:01

Health: -15/42     AC:  8    Str: 20    XL:     5   Next: 94%
Magic:  5/5        EV: 14    Int:  9    God:    Ru [***...]
Gold:   135        SH:  0    Dex: 15    Spells: 4/4 levels left

rFire    . . .     SeeInvis .   b - +2 hand axe (venom)
rCold    . . .     Gourm    .   (no shield)
rNeg     . . .     Faith    .   n - +3 leather armour {MR+}
rPois    .         Spirit   .   c - +1 helmet
rElec    .         Reflect  .   (no cloak)
rCorr    .         Harm     .   (no gloves)
MR       +....                  (no boots)
Stlth    +.........             (no amulet)
HPRegen  0.14/turn              (no ring)
MPRegen  0.09/turn              (no ring)

@: mighty
A: claws 1, powered by pain 1, inexperienced 1
a: Draw Out Power, Renounce Religion


You were on level 4 of the Dungeon.
You worshipped Ru.
Ru was most pleased with you.
You were not hungry.

You visited 1 branch of the dungeon, and saw 4 of its levels.

You collected 135 gold pieces.

Inventory:

Hand Weapons
 a - a +3 falchion of draining
 b - a +2 hand axe of venom (weapon)
 j - a +0 flail of crushing
 r - a +0 long sword
Missiles
 d - 2 throwing nets (quivered)
Armour
 c - a +1 helmet (worn)
 e - a +0 leather armour
 n - a +3 leather armour of magic resistance (worn)
Jewellery
 k - an uncursed amulet of magic regeneration
 v - an uncursed ring of magical power
Wands
 h - a wand of polymorph (6)
 i - a wand of random effects (15)
Potions
 g - 2 potions of haste {unknown}
 l - a potion of curing {unknown}
 m - a potion of lignification {unknown}
 o - a potion of degeneration {unknown}
 t - 3 potions of flight {unknown}
Comestibles
 f - 7 rations


   Skills:
 + Level 3.9 Fighting
 * Level 5.3 Long Blades
 - Level 1.7 Throwing
 + Level 4.1 Dodging


You had 4 spell levels left.
You didn't know any spells.
Your spell library was empty.

Dungeon Overview and Level Annotations

Branches:
Dungeon (4/15)
 Temple: D:4-7

Altars:
Ashenzari
Ru


Innate Abilities, Weirdness & Mutations

You have sharp fingernails.
You sometimes gain a little power by taking damage.
You are somewhat inexperienced. (-2 XL)


Message History

You hit the bullfrog.
You kill the bullfrog!
You see here a bullfrog corpse.
Your +2 hand axe of venom stops dripping with poison.
You sense an unholy aura.
a - a +3 falchion of draining (weapon)
An ogre comes into view. It is wielding a +0 giant club.
An ogre is nearby!
An ogre is nearby!
The ogre shouts!
Your +2 hand axe of venom begins to drip with poison!
b - a +2 hand axe of venom (weapon)
The ogre hits you with a +0 giant club!!
Ouch! That really hurt!
You focus on the pain.
You feel very mighty all of a sudden.
You closely miss the ogre.
The ogre hits you with a +0 giant club!!
Ouch! That really hurt!
You die...

..
###################
.. #.............
### #..###.######
#..##......#
#........#.#
#...#.##.#
#.#.#.##.##########
#.....##...........
###..............##
#.@.#.....†........
#O#.#.#############
#.#.#.# #.#.#.#
#.#.#=# #.#.#.#
#...# ## ##


You could see an ogre.

Vanquished Creatures
  Edmund (D:4)
  A bullfrog (D:4)
  A worker ant (D:3)
  An orc wizard (D:3)
  4 gnolls
  4 adders
  A worm (D:4)
  2 dart slugs
  A leopard gecko (D:1)
  16 orcs (D:3)
  5 giant cockroaches
  9 goblins
  5 hobgoblins
  17 jackals
  12 kobolds
  3 quokkas
  A ball python (D:2)
  10 bats
  5 frilled lizards
  A hobgoblin zombie (D:4)
  A kobold zombie (D:4)
  2 orc zombies (D:4)
  8 rats
111 creatures vanquished.

Notes
Turn   | Place    | Note
-------+----------+-------------------------------------------
     0 | D:1      | Voker57 the Demonspawn Gladiator began the quest for the
                  | Orb.
     0 | D:1      | Reached XP level 1. HP: 16/16 MP: 1/1
    27 | D:1      | Reached skill level 3 in Long Blades
    27 | D:1      | Gained mutation: You sometimes gain a little power by
                  | taking damage. [demonic ancestry]
    27 | D:1      | Reached XP level 2. HP: 21/22 MP: 2/2
   557 | D:1      | Reached XP level 3. HP: 24/28 MP: 3/3
  1155 | D:2      | Found a shattered altar of Ashenzari.
  1422 | D:2      | Gained mutation: You have sharp fingernails. [demonic
                  | ancestry]
  1422 | D:2      | Reached XP level 4. HP: 28/34 MP: 4/4
  1927 | D:1      | Reached skill level 4 in Long Blades
  2486 | D:2      | Reached XP level 5. HP: 39/41 MP: 5/5
  3472 | D:3      | Found a faded altar of an unknown god.
  3478 | D:3      | Became a worshipper of Ru the Awakened
  3484 | D:3      | Gained mutation: You are somewhat inexperienced. (-2 XL)
                  | [Ru sacrifice]
  3484 | D:3      | Reached XP level 4. HP: 35/35 MP: 4/4
  3484 | D:3      | Reached XP level 3. HP: 29/29 MP: 3/3
  3484 | D:3      | Reached * piety under Ru
  3484 | D:3      | Reached ** piety under Ru
  3484 | D:3      | Reached *** piety under Ru
  3701 | D:4      | Reached XP level 4. HP: 30/35 MP: 4/4
  3806 | D:4      | Noticed Edmund
  3814 | D:4      | Killed Edmund
  3814 | D:4      | Reached skill level 5 in Long Blades
  3814 | D:4      | Reached XP level 5. HP: 42/42 MP: 5/5
  4095 | D:4      | Noticed an ogre
  4099 | D:4      | Demolished by an ogre

Levels and vault maps discovered:
D:1:      zelgadis_glass_arrival_small, layout_rooms
D:2:      layout_basic, evilmike_ruin_ashenzari
D:3:      layout_basic, chequers_ecumenical_altar_grove, first_ration
D:4:      layout_basic, nicolae_ossuary_entry_plus, minmay_mini_ossuary,
          uniq_edmund

Skill      XL: |  1  2  3  4 |
---------------+-------------+-----
Long Blades    | 3 5 |  5.3
Dodging        | 3 4 |  4.1
Fighting       | 3 |  3.9
Throwing       | |  1.7

Action                   |  1- 3 |  4- 6 || total
-------------------------+-------+-------++-------
Melee: Long sword        |    94 |   129 ||   223
       Falchion          |    15 |    57 ||    72
       Hand axe          |       |    17 ||    17
Throw: Throwing net      |       |     2 ||     2
Invok: Sacrifice Experie |     1 |       ||     1
  Use: Scroll            |       |    10 ||    10
 Stab: Held in net/web   |       |     1 ||     1
  Eat: Chunk             |     2 |     9 ||    11
Armor: Leather armour    |    52 |    59 ||   111
Dodge: Dodged            |   109 |   165 ||   274
       Rpst.: Long sword |    31 |    39 ||    70
       Falchion          |     3 |     7 ||    10

Table legend:
 A = Non-vault XP
 B = Vault XP
 C = Vault XP percentage of total XP
 D = Non-vault monster count
 E = Vault monster count
 F = Vault count percentage of total count
                 A         B        C        D         E       F
            +---------+---------+-------+---------+---------+-------
      Total |     460 |     168 |  26.8 |     106 |       5 |   4.5
            +---------+---------+-------+---------+---------+-------
        D:1 |      98 |       0 |   0.0 |      36 |       0 |   0.0
        D:2 |     110 |       0 |   0.0 |      34 |       0 |   0.0
        D:3 |     135 |       0 |   0.0 |      28 |       0 |   0.0
        D:4 |     117 |     168 |  58.9 |       8 |       5 |  38.5
            +---------+---------+-------+---------+---------+-------
